Map: Cyber Forest LE

Players

Mantric - Winner!

  • Race: Zerg Zerg
  • League: Diamond
  • Spawn Location: 5:00

halflings

  • Race: Zerg Zerg
  • League: Platinum
  • Spawn Location: 11:00

VOD

Have the link to the VOD?

Description

Time

  • Played on: March 30, 2019, 2:29 p.m.
  • Length: 9:44
Show
View Real Time Build Order
Export as new Build Order

Mantric Zerg - Winner!

Build Orders: Pool First 

Get SALT Encoding   

  12  0:00  Drone  
  13  0:12  Overlord  
  13  0:17  Drone  
  14  0:30  Drone x2  
  14  0:34  Drone  
  17  0:49  Spawning Pool  
  16  0:50  Drone  
  16  0:54  Extractor  
  16  0:57  Drone  
  17  1:12  Drone  
  18  1:21  Overlord  
  18  1:31  Hatchery  
  17  1:36  Queen  
  17  1:39  Zergling x2  
  20  1:50  Drone  
  20  1:51  Zergling x2  
  22  1:54  Metabolic Boost  
  22  2:01  Drone  
  23  2:18  Overlord  
  23  2:21  Drone  
  24  2:34  Drone  
  25  2:45  Drone x4  
  25  2:48  Queen  
  29  2:57  Drone  
  30  2:59  Drone  
  30  3:05  Drone  
  32  3:13  Overlord  
  32  3:16  Roach Warren  
  32  3:17  Zergling x2  
  32  3:18  Zergling x2  
  33  3:27  Drone x4  
  35  3:31  Zergling x2  
  38  3:41  Queen  
  38  3:42  Drone x2  
  38  3:48  Drone  
  43  3:54  Overlord  
  43  3:56  Extractor  
  43  3:57  Extractor  
  43  4:00  Drone x3  
  43  4:01  Drone x2  
  43  4:02  Drone  
  46  4:10  Drone  
  46  4:11  Drone  
  46  4:15  Extractor  
  47  4:18  Roach x2  
  47  4:19  Lair  
  51  4:30  Drone x2  
  51  4:31  Overlord x2, Drone  
  54  4:37  Roach x2  
  58  4:38  Overlord  
  58  4:52  Evolution Chamber, Overlord  
  57  4:55  Drone x3  
  60  5:00  Ravager  
  60  5:01  Roach  
  60  5:02  Roach  
  64  5:18  Zergling x6  
  64  5:20  Roach x3  
  73  5:23  Zerg Missile Weapons Level 1  
  73  5:26  Glial Reconstitution  
  73  5:33  Hatchery  
  73  5:35  Overseer  
  72  5:39  Roach x5  
  82  5:53  Ravager  
  82  5:54  Evolution Chamber  
  82  5:57  Roach x5  
  82  6:01  Overlord x2  
  92  6:13  Overlord x2  
  91  6:20  Zerg Ground Armor Level 1  
  91  6:21  Drone x2  
  93  6:37  Drone x3  
  93  6:38  Roach, Drone  
  93  6:39  Roach x5  
  109  6:45  Spine Crawler  
  108  6:47  Queen  
  108  6:48  Drone x2  
  112  6:54  Roach  
  114  7:03  Roach x5  
  114  7:06  Overlord  
  124  7:17  Roach x2  
  128  7:24  Overlord x2  
  128  7:27  Roach x4  
  136  7:34  Ravager  
  136  7:35  Overlord x3  
  137  7:42  Hydralisk Den  
  128  7:52  Roach x4  
  122  8:04  Roach x6  
  134  8:06  Overseer  
  128  8:19  Roach x6  
  119  8:30  Roach x5  
  127  8:39  Roach x3  
  127  8:40  Roach  
  135  8:47  Ravager x2  
  131  8:57  Ravager  
  131  8:59  Ravager  
  131  9:00  Ravager  
  131  9:01  Roach x7  
  148  9:10  Roach x2  
  152  9:17  Roach x5  
Show
View Real Time Build Order
Export as new Build Order

halflings Zerg 

Build Orders: Hatch First 

Get SALT Encoding   

  12  0:01  Drone  
  13  0:12  Overlord  
  13  0:17  Drone  
  14  0:22  Extractor  
  14  0:23  Drone  
  15  0:32  Drone  
  15  0:35  Drone  
  17  0:55  Hatchery  
  16  0:58  Drone  
  16  1:01  Drone  
  18  1:15  Spawning Pool  
  18  1:18  Drone  
  18  1:22  Drone  
  19  1:28  Drone  
  20  1:40  Overlord, Extractor  
  19  1:50  Drone  
  20  2:00  Drone  
  21  2:03  Queen  
  21  2:07  Queen  
  25  2:08  Drone  
  26  2:17  Drone  
  26  2:18  Drone  
  26  2:19  Spine Crawler  
  26  2:22  Zergling x2  
  27  2:37  Zergling x2  
  28  2:49  Drone x3  
  29  2:57  Drone x2  
  30  3:01  Drone  
  31  3:09  Drone  
  31  3:12  Overlord  
  32  3:16  Drone  
  32  3:17  Drone x2  
  35  3:24  Drone  
  36  3:27  Overlord  
  36  3:29  Queen  
  36  3:34  Drone  
  39  3:35  Roach Warren  
  39  3:38  Drone  
  39  3:44  Drone x2  
  39  3:45  Drone  
  39  3:47  Overlord  
  42  3:52  Drone  
  42  3:53  Drone x2  
  42  3:54  Evolution Chamber, Drone  
  45  4:00  Drone  
  46  4:05  Extractor  
  45  4:18  Roach x6  
  45  4:20  Zerg Missile Weapons Level 1  
  45  4:23  Lair  
  57  4:28  Roach  
  59  4:32  Overlord  
  59  4:39  Overlord, Drone  
  59  4:44  Overlord, Extractor  
  59  4:55  Drone x2  
  61  5:13  Drone x2  
  62  5:19  Roach x6  
  74  5:25  Hatchery  
  74  5:27  Roach x2  
  77  5:29  Glial Reconstitution  
  77  5:30  Overlord  
  77  5:39  Roach  
  77  5:40  Drone  
  80  5:49  Roach  
  82  5:51  Roach  
  84  6:00  Spore Crawler  
  83  6:04  Spore Crawler  
  83  6:05  Roach x2  
  86  6:16  Roach  
  86  6:17  Roach x2  
  92  6:21  Zerg Missile Weapons Level 2  
  92  6:22  Overlord x2  
  92  6:36  Overseer  
  92  6:37  Roach x2  
  92  6:38  Roach  
  98  6:40  Overlord  
  98  6:43  Drone x2  
  98  6:46  Queen  
  102  6:48  Drone x3  
  105  6:57  Roach  
  105  6:58  Roach x3  
  105  6:59  Roach x2  
  117  7:04  Roach x2  
  121  7:11  Overlord x2  
  121  7:13  Ravager  
  122  7:16  Overlord  
  122  7:19  Overlord  
  122  7:27  Overlord x2  
  122  7:33  Roach x3  
  122  7:34  Roach x4  
  136  7:38  Roach  
  138  7:49  Roach x2  
  138  7:51  Hatchery  
  134  7:53  Roach x3  
  134  7:58  Roach x2  
  124  8:01  Roach  
  124  8:02  Roach  
  120  8:14  Roach x4  
  120  8:18  Ravager  
  115  8:21  Roach  
  115  8:22  Roach  
  115  8:25  Roach  
  117  8:31  Roach x2, Overlord  
  121  8:40  Overlord  
  121  8:41  Extractor, Drone x4  
  124  8:54  Roach x3  
  116  8:57  Roach x2  
  116  8:58  Ravager  
  119  9:04  Drone  
  119  9:05  Drone x2  
  122  9:15  Roach  
  122  9:16  Roach x2  
Tags
 
Add a new tag
Caveats
  • Supply blocks, unpowered buildings, or Contaminate may cause inaccurate times.
  • Supply counts are checked every 10 seconds.